 Dungeon Crawl Stone Soup version 0.30-a0-310-g7d6cbdfea6 (webtiles) character file.

Game seed: 12389036413823535996

221 billz999 the Sneak (level 5, -1/31 HPs)
             Began as an Octopode Earth Elementalist on Oct 24, 2022.
             Was an Initiate of Kikubaaqudgha.
             Slain by an iguana (13 damage)
             ... on level 5 of the Dungeon.
             The game lasted 00:05:37 (3591 turns).

billz999 the Sneak (Octopode Earth Elementalist)    Turns: 3591, Time: 00:05:38

Health: -1/31      AC:  1    Str:  8    XL:     5   Next: 98%
Magic:  0/8        EV: 13    Int: 19    God:    Kikubaaqudgha [......]
Gold:   205        SH:  0    Dex: 12    Spells: 3/8 levels left

rFire   . . .      SeeInvis .    l - +1 short sword (vamp)
rCold   + . .      Faith    .    (no shield)
rNeg    . . .      Spirit   +    (helmet restricted)
rPois   .          Reflect  .    m - amulet of guardian spirit
rElec   .          Harm     .    o - ring of willpower
rCorr   .          Rampage  .    c - ring of protection from cold
Will    +....                    (no ring)
Stlth   ++++......               (no ring)
HPRegen 0.25/turn                (no ring)
MPRegen 0.11/turn                (no ring)
                                 (no ring)
                                 (no ring)

@: no status effects
A: almost no armour, amphibious, 8 rings, camouflage 1, gelatinous body 1,
(nimble swimmer 1), tentacles
a: Renounce Religion


You were on level 5 of the Dungeon.
You worshipped Kikubaaqudgha.
Kikubaaqudgha was noncommittal.
You visited 1 branch of the dungeon, and saw 5 of its levels.

You collected 205 gold pieces.

Inventory:

Hand Weapons
 e - a +0 dagger
 h - a +1 dagger of draining
 l - a +1 vampiric short sword (weapon)
Missiles
 j - 2 atropa-tipped darts
Magical Staves
 p - a staff of conjuration
Jewellery
 c - a ring of protection from cold (right tentacle)
 m - an amulet of guardian spirit (around mantle)
 o - a ring of willpower (left tentacle)
 u - an amulet of regeneration
Wands
 a - a wand of charming (23)
Scrolls
 d - 2 scrolls of immolation {unknown}
 g - 2 scrolls of magic mapping {unknown}
 n - a scroll of poison {unknown}
 q - 3 scrolls of teleportation {unknown}
 r - a scroll of enchant armour {unknown}
 v - 4 scrolls of identify
 w - 2 scrolls of enchant weapon {unknown}
Potions
 b - 2 potions of curing
 f - a potion of flight
 i - a potion of attraction
 k - 2 potions of brilliance
 s - a potion of lignification {unknown}
 t - a potion of berserk rage {unknown}
 x - a potion of ambrosia {unknown}


   Skills:
 - Level 2.0 Dodging
 - Level 6.1 Stealth
 * Level 2.1 Spellcasting
 + Level 4.0 Transmutations
 + Level 3.0 Earth Magic


You had 3 spell levels left.
You knew the following spells:

 Your Spells              Type           Power      Damage    Failure   Level
a - Sandblast             Erth           26%        2d8       4%          1
b - Petrify               Tmut/Erth      15%        N/A       36%         4

Your spell library contained the following spells:

 Spells                   Type           Power      Damage    Failure   Level
 Passwall                 Tmut/Erth      12%        N/A       6%          2
 Kiss of Death            Conj/Necr      8%         2d6       17%         1
 Shock                    Conj/Air       8%         1d3       17%         1
 Momentum Strike          Conj/Tloc      4%         3d8       26%         2
 Stone Arrow              Conj/Erth      14%        3d7       26%         3
 Call Canine Familiar     Summ           2%         N/A       45%         3
 Confusing Touch          Hex            2%         N/A       45%         3
 Frozen Ramparts          Ice            4%         1d1       45%         3
 Gell's Gravitas          Tloc           2%         N/A       45%         3
 Mephitic Cloud           Conj/Pois/Air  2%         N/A       45%         3
 Portal Projectile        Hex/Tloc       4%         N/A       45%         3
 Teleport Other           Tloc           2%         N/A       45%         3
 Ice Form                 Ice/Tmut       9%         N/A       58%         4
 Leda's Liquefaction      Hex/Erth       3%         N/A       65%         4
 Dispel Undead            Necr           2%         3d7       86%         4
 Summon Ice Beast         Ice/Summ       2%         N/A       86%         4
 Irradiate                Conj/Tmut      4%         3d13      90%         5
 Fireball                 Conj/Fire      1%         3d3       99%         5
 Dispersal                Tloc           1%         N/A       100%        6


Dungeon Overview and Level Annotations

Branches:
Dungeon (5/15)             Temple (0/1) D:4

Altars:
Kikubaaqudgha

Shops:
D:1 (

Portals:
Abyss: D:4

Annotations:
D:4 2 transporters, timneilson's ghost, amateur GrFi


Innate Abilities, Weirdness & Mutations

You cannot wear most types of armour.
You are amphibious.
You can wear up to eight rings at the same time.
Your skin changes colour to match your surroundings (Stealth+).
Your rubbery body absorbs attacks. (AC +1, EV +1)
((You are camouflaged when in or above water. (Stealth+)))
You have tentacles for arms and can constrict up to eight enemies at once.


Message History

An iguana is nearby!
A scorpion comes into view.
Found a scroll of identify and a potion of flight.
The helpless iguana fails to defend itself.
You hit the iguana. You grab the iguana.
You squeeze the iguana, but do no damage.
The iguana is moderately wounded.
You constrict the iguana, but do no damage.
The iguana bites you but does no damage.
You hit the iguana but do no damage.
The iguana is moderately wounded.
You constrict the iguana, but do no damage.
The iguana misses you.
Casting: Sandblast (safe; 4% risk of failure)
Confirm with . or Enter, or press ? or * to list all spells.
Aiming: Sandblast (safe; 4% risk of failure)
Press: ? - help, Shift-Dir - straight line, f - iguana
Aim: an iguana (moderately wounded, constricted by you, 100% to hit)
The blast of sand hits the iguana but does no damage.
The iguana is moderately wounded.
You constrict the iguana, but do no damage.
The iguana bites you!
You hit the iguana.
You feel better.
You squeeze the iguana.
The iguana is heavily wounded.
You constrict the iguana. The iguana bites you!
Casting: Sandblast (safe; 4% risk of failure)
Confirm with . or Enter, or press ? or * to list all spells.
Aiming: Sandblast (safe; 4% risk of failure)
Press: ? - help, Shift-Dir - straight line, f/p - iguana
Aim: an iguana (heavily wounded, constricted by you, 100% to hit)
The blast of sand hits the iguana but does no damage.
The iguana is heavily wounded.
You constrict the iguana. The iguana barely misses you. The iguana bites you.
Unknown command.
You are too injured to fight recklessly!
You hit the iguana.
The iguana is severely wounded.
You constrict the iguana. The iguana bites you!
You die...
Kikubaaqudgha rasps: "You have failed me!
Welcome... death!"

. . .## .. ### #.
!...##.####
.?.....l#..
#.@#.# . #..#.#
...###..#.#####
.............s.
...###..#.#####
#.## #.......#
#.##.####...###.#
#.##........# .#
#.########..###.#


You could see an iguana.

Vanquished Creatures
  A scorpion (D:5)
  An orc priest (D:4)
  An orc wizard (D:3)
  3 adders
  An ufetubus (D:5)
  3 dart slugs
  4 orcs (D:3)
  6 ball pythons
  5 bats
  5 endoplasms
  A giant cockroach (D:2)
  7 goblins
  3 hobgoblins
  8 jackals
  5 kobolds
  4 quokkas
  5 frilled lizards
  3 rats
66 creatures vanquished.

Notes
Turn   | Place    | Note
-------+----------+-------------------------------------------
     0 | D:1      | billz999 the Octopode Earth Elementalist began the quest
                  | for the Orb.
     0 | D:1      | Reached XP level 1. HP: 11/11 MP: 3/3
   116 | D:1      | Reached skill level 3 in Stealth
   149 | D:1      | Found Elerchutz's Antique Weapon Shoppe.
   174 | D:1      | Reached XP level 2. HP: 13/17 MP: 0/5
   523 | D:1      | Reached skill level 4 in Stealth
   787 | D:1      | Reached XP level 3. HP: 21/21 MP: 4/6
  1531 | D:2      | Reached skill level 5 in Stealth
  1568 | D:2      | Reached XP level 4. HP: 27/27 MP: 5/7
  2211 | D:3      | Reached skill level 6 in Stealth
  2756 | D:4      | Found an ancient bone altar of Kikubaaqudgha.
  2763 | D:4      | Reached XP level 5. HP: 31/31 MP: 5/8
  2768 | D:4      | Became a worshipper of Kikubaaqudgha
  2800 | D:4      | Got the Secrets of Vitriolic Combat Magic
  2974 | D:4      | Found a one-way gate to the infinite horrors of the Abyss.
  2974 | D:4      | Found a transporter.
  2980 | D:4      | Learned a level 4 spell: Petrify
  2981 | D:4      | Found a transporter.
  3022 | D:4      | Found a staircase to the Ecumenical Temple.
  3201 | D:4      | Noticed timneilson's ghost (amateur GrFi)
  3211 | D:4      | Noticed a small abomination
  3479 | D:5      | Entered Level 5 of the Dungeon
  3591 | D:5      | Slain by an iguana

Illustrated notes

Levels and vault maps discovered:
D:1:      minmay_arrival_four_loops, layout_basic, serial_shops,
          nicolae_shop_hallway_plus
D:2:      layout_basic, minmay_pentomino_r4
D:3:      layout_loops_cross
D:4:      layout_basic, old_standard_altar, minmay_temple_entry_proselytizer,
          gammafunk_ghost_abyssal_escape, hangedman_decor_clover_reticule
D:5:      layout_loops_ring, gup_ossuary_entry_pyramid, dk_rats_in_the_wall

Skill      XL: |  1  2  3  4  5 |
---------------+----------------+-----
Stealth        | 3 4 5 6 |  6.1
Transmutations | 2 4 |  4.0
Dodging        | |  2.0
Spellcasting   | |  2.1
Earth Magic    | |  3.0

Action                   |  1- 3 |  4- 6 || total
-------------------------+-------+-------++-------
Melee: Dagger            |    14 |       ||    14
       Constrict         |     7 |     5 ||    12
       Unarmed           |     1 |       ||     1
       Short sword       |    15 |    27 ||    42
       Tentacles         |     2 |     6 ||     8
 Cast: Sandblast         |    30 |    20 ||    50
  Use: Scroll            |       |     5 ||     5
       Potion            |       |     3 ||     3
 Stab: Sleeping          |    10 |    11 ||    21
Armor: Skin              |     3 |     2 ||     5
Dodge: Dodged            |    15 |    12 ||    27

Table legend: (Time is in decaauts)
 A = Elapsed time spent in this place.
 B = Non-inter-level travel time spent in this place.
 C = Inter-level travel time spent in this place.
 D = Time resting spent in this place.
 E = Time spent auto-exploring this place.
 F = Levels seen in this place.
 G = Mean time per level.
                   A        B        C        D        E       F      G
               +--------+--------+--------+--------+--------+-----+--------+
         Total |   3612 |   3458 |    154 |      3 |   3010 |   5 |  722.4 |
       Dungeon |   3612 |   3458 |    154 |      3 |   3010 |   5 |  722.4 |
               +--------+--------+--------+--------+--------+-----+--------+

Top non-repeatable levels by time:
     D:1: 1162 daAuts
     D:4: 884 daAuts
     D:3: 807 daAuts
     D:2: 644 daAuts
     D:5: 113 daAuts
